 Dungeon Crawl Stone Soup version 0.29-a0-384-g6960b1960d (webtiles) character file.

Game seed: 11546493696554770725

9137 ytrimaz the Grappler (level 11, -1/93 (101) HPs)
             Began as a Troll Gladiator on May 5, 2022.
             Slain by a wyvern (15 damage)
             ... on level 8 of the Dungeon on May 6, 2022.
             The game lasted 00:09:31 (7072 turns).

ytrimaz the Grappler (Troll Gladiator)              Turns: 7072, Time: 00:09:32

HP:   -1/93 (101)   AC:  7    Str: 34    XL:     11   Next: 19%
MP:   11/11         EV: 12    Int:  4    God:
Gold: 358           SH:  0    Dex: 11    Spells: 10/10 levels left

rFire   . . .      SeeInvis .     - Unarmed
rCold   + . .      Faith    .   (no shield)
rNeg    . . .      Spirit   .   l - +0 steam dragon scales
rPois   .          Reflect  .   b - +0 hat
rElec   .          Harm     .   p - scarf {shadows}
rCorr   .          Rampage  .   (gloves unavailable)
Will    .....                   (boots unavailable)
Stlth   +.........              (no amulet)
HPRegen 1.05/turn               m - +6 ring of strength
MPRegen 0.12/turn               (no ring)

@: drained
A: large, unfitting armour, claws 3, regeneration 1, shaggy fur 1, tough skin 1,
cold resistance 1, high MP 1, mutation resistance 1
a: no special abilities


You were on level 8 of the Dungeon.
You visited 1 branch of the dungeon, and saw 9 of its levels.

You collected 358 gold pieces.

Inventory:

Hand Weapons
 t - the +3 battleaxe "Mekhuro" {venom, rC+}
   (You found it on level 5 of the Dungeon)

   It poisons the flesh of those it strikes.
   rC:        It protects you from cold.
Missiles
 c - 4 throwing nets (quivered)
 d - a large rock
Armour
 b - a +0 hat (worn)
 l - +0 steam dragon scales (worn)
 n - a +0 cloak
 p - a scarf of shadows (worn)
Jewellery
 g - a ring of wizardry
 m - a +6 ring of strength (left claw)
 v - a ring of fire
Wands
 s - a wand of flame (11)
Scrolls
 h - 6 scrolls of teleportation
 j - a scroll of fog
 q - a scroll of immolation
 w - a scroll of enchant weapon
Potions
 a - a potion of cancellation
 e - 2 potions of attraction
 f - 2 potions of heal wounds
 i - 2 potions of mutation
 k - a potion of brilliance
 o - 4 potions of curing
 r - a potion of degeneration
 u - a potion of haste


   Skills:
 + Level 4.4 Fighting
 + Level 2.2 Throwing
 + Level 7.1 Dodging
 + Level 14.9 Unarmed Combat


You had 10 spell levels left.
You didn't know any spells.
Your spell library contained the following spells:

 Spells                   Type           Power      Damage    Failure   Level
 Magic Dart               Conj           0%         1d3       50%         1
 Blink                    Tloc           0%         N/A       65%         2
 Call Imp                 Summ           0%         N/A       65%         2
 Mephitic Cloud           Conj/Pois/Air  0%         N/A       86%         3
 Manifold Assault         Tloc           0%         N/A       100%        5
 Malign Gateway           Summ/Tloc      0%         N/A       100%        7
 Storm Form               Tmut/Air       0%         N/A       100%        7
 Summon Horrible Things   Summ           0%         N/A       100%        8


Dungeon Overview and Level Annotations

Branches:
Dungeon (9/15)             Temple (0/1) D:4
   Lair: D:8-11         Orc: D:9-12

Altars:
Fedhas
Nemelex Xobeh
Okawaru
Qazlal

Shops:
D:2 *   D:4 (   D:6 **=(


Innate Abilities, Weirdness & Mutations

You are too large for most types of armour.
You have claws for hands.
Your natural rate of healing is unusually fast.
You are covered in fur. (AC +1)
You have tough skin. (AC +1)
Your flesh is cold resistant. (rC+)
You have an increased reservoir of magic. (+10% MP)
You are somewhat resistant to further mutation.


Message History

You feel much better. The wyvern misses you. The wyvern bites you!
* * * LOW HITPOINT WARNING * * *
You feel much better. The wyvern bites you!
You scratch the wyvern but do no damage.
The wyvern barely misses you.
You barely miss the wyvern. The wyvern bites you.
You scratch the wyvern but do no damage.
The wyvern completely misses you.
The wyvern bites you but does no damage.
You barely miss the wyvern. Your claw misses the wyvern. The wyvern bites you!
* * * LOW HITPOINT WARNING * * *
You closely miss the wyvern. The wyvern bites you.
* * * LOW HITPOINT WARNING * * *
You mangle the wyvern!!
The wyvern is almost dead.
The wyvern bites you!
* * * LOW HITPOINT WARNING * * *
Unknown command.
You scratch the wyvern but do no damage.
The wyvern is almost dead.
The wyvern barely misses you.
Unknown command.
You barely miss the wyvern. Your claw misses the wyvern.
The wyvern is almost dead.
The wyvern misses you.
You closely miss the wyvern.
The wyvern is almost dead.
The wyvern bites you.
* * * LOW HITPOINT WARNING * * *
Press: ? - help, v - describe, . - travel
Here: a wyvern (almost dead)
The floor, spattered with blood.
You barely miss the wyvern.
The wyvern is almost dead.
The wyvern barely misses you.
Unknown command.
You closely miss the wyvern.
The wyvern is almost dead.
The wyvern bites you!
You die...

#>####.## .
#...)oc.#.c.
..z.z..o.....##........
.####z##...............
##...............#.....
..........#............
.zz.......#...........
# ..........$....#...#
#####≈##
#..#............@l.#
#...#≈≈#
.................###
#..[≈≈≈. #..#.#.#
#....≈≈.#
......)#######...≈≈≈≈.#
....)##.)))........≈...
........######....≈≈..≈
......).######....≈≈..(
.)......#.........≈≈≈≈≈
............##....≈≈...


You could see a wyvern.

Vanquished Creatures
  Harold (D:9)
  2 two-headed ogres
  Maggie (D:7)
  2 kobold demonologists (D:9)
  A troll (D:9)
  Prince Ribbit (D:7)
  Grinder (D:5)
  A shadow (D:9)
  11 yaks (D:9)
  A wraith (D:9)
  A wyvern (D:5)
  2 steam dragons
  Edmund (D:5)
  3 water moccasins
  2 black bears (D:4)
  Duvessa (D:5)
  2 ice beasts
  A sky beast (D:8)
  2 orc warriors
  3 ogres
  A centaur (D:8)
  2 phantoms (D:6)
  2 kobold brigands (D:9)
  4 bullfrogs
  2 necrophages
  3 scorpions
  5 wights
  Dowan (D:5)
  3 howler monkeys
  A jelly (D:4)
  5 hounds
  8 orc priests
  7 iguanas
  3 orc wizards
  8 adders
  A shadow imp (D:7)
  3 worms
  A dart slug (D:1)
  27 orcs
  4 endoplasms
  7 giant cockroaches
  7 goblins
  7 hobgoblins
  5 jackals
  10 quokkas
  6 ball pythons
  7 bats
  3 frilled lizards
  14 kobolds
  12 rats
209 creatures vanquished.

Notes
Turn   | Place    | Note
-------+----------+-------------------------------------------
     0 | D:1      | ytrimaz the Troll Gladiator began the quest for the Orb.
     0 | D:1      | Reached XP level 1. HP: 19/19 MP: 0/0
   247 | D:1      | Reached XP level 2. HP: 27/27 MP: 1/1
   583 | D:1      | Found a faded altar of an unknown god.
   699 | D:1      | Reached XP level 3. HP: 35/35 MP: 2/2
   847 | D:2      | Reached skill level 4 in Unarmed Combat
   997 | D:2      | Found Xisumeu's Assorted Antiques.
  1058 | D:2      | Found a blossoming altar of Fedhas.
  1351 | D:3      | Reached XP level 4. HP: 42/42 MP: 3/3
  1899 | D:4      | Reached skill level 5 in Unarmed Combat
  1900 | D:4      | Reached XP level 5. HP: 49/49 MP: 4/4
  2135 | D:4      | Reached skill level 6 in Unarmed Combat
  2135 | D:4      | Reached XP level 6. HP: 36/57 MP: 5/5
  2272 | D:4      | Noticed a water moccasin
  2278 | D:4      | Killed a water moccasin
  2279 | D:4      | Reached skill level 7 in Unarmed Combat
  2279 | D:4      | Reached XP level 7. HP: 49/65 MP: 6/6
  2546 | D:4      | Found a staircase to the Ecumenical Temple.
  2743 | D:4      | Found Onlybe's Antique Weapon Boutique.
  3196 | D:5      | Entered Level 5 of the Dungeon
  3322 | D:5      | Noticed Grinder
  3323 | D:5      | Paralysed by Grinder for 7 turns
  3327 | D:5      | Noticed Dowan
  3331 | D:5      | Noticed Duvessa
  3337 | D:5      | Killed Grinder
  3338 | D:5      | Reached skill level 8 in Unarmed Combat
  3338 | D:5      | Reached XP level 8. HP: 45/74 MP: 7/7
  3339 | D:5      | Killed Dowan
  3529 | D:5      | Reached skill level 9 in Unarmed Combat
  3637 | D:5      | Identified the +3 battleaxe "Mekhuro" {venom, rC+}
  3750 | D:5      | Noticed Edmund
  3757 | D:5      | Killed Edmund
  3999 | D:5      | Killed Duvessa
  4000 | D:5      | Reached skill level 10 in Unarmed Combat
  4001 | D:5      | Gained mutation: Armour fits poorly on your strangely
                  | shaped body. [potion of mutation]
  4001 | D:5      | Gained mutation: You have a pair of small horns on your
                  | head. [potion of mutation]
  4002 | D:5      | Lost mutation: Armour fits poorly on your strangely shaped
                  | body. [potion of mutation]
  4002 | D:5      | Lost mutation: You have a pair of small horns on your head.
                  | [potion of mutation]
  4002 | D:5      | Gained mutation: Your movements are slightly less
                  | encumbered by armour. (ER -2) [potion of mutation]
  4002 | D:5      | Gained mutation: You have hidden genetic defects. [potion
                  | of mutation]
  4002 | D:5      | Gained mutation: You have an increased reservoir of magic.
                  | (+10% MP) [potion of mutation]
  4002 | D:5      | Gained mutation: Your flesh is cold resistant. (rC+)
                  | [potion of mutation]
  4003 | D:5      | Upgraded the game from 0.29-a0-380-gf50f0a9fbc to
                  | 0.29-a0-384-g6960b1960d
  4152 | D:6      | Found Wuot's Jewellery Shoppe.
  4173 | D:6      | Reached skill level 5 in Dodging
  4214 | D:6      | Found Yzor's General Store.
  4233 | D:6      | Lost mutation: Your movements are slightly less encumbered
                  | by armour. (ER -2) [potion of mutation]
  4233 | D:6      | Lost mutation: You have hidden genetic defects. [potion of
                  | mutation]
  4233 | D:6      | Gained mutation: You are somewhat resistant to further
                  | mutation. [potion of mutation]
  4265 | D:6      | Reached XP level 9. HP: 77/83 MP: 8/8
  4324 | D:6      | Found Feonap's General Store.
  4667 | D:6      | Found Meuwut's Weapon Emporium.
  4890 | D:6      | Found a sparkling altar of Nemelex Xobeh.
  4908 | D:6      | Found a blossoming altar of Fedhas.
  4925 | D:6      | Found a stormy altar of Qazlal.
  4927 | D:6      | Found a faded altar of an unknown god.
  4930 | D:6      | Found an iron altar of Okawaru.
  5041 | D:7      | Noticed Prince Ribbit
  5046 | D:7      | Reached skill level 11 in Unarmed Combat
  5084 | D:7      | Killed Prince Ribbit
  5327 | D:7      | Reached skill level 12 in Unarmed Combat
  5363 | D:7      | Noticed Maggie
  5373 | D:7      | Killed Maggie
  5507 | D:7      | Identified the +1 robe "Viatogg" {Str+3}
  5548 | D:7      | You fall into a shaft and drop 2 floors!
  5596 | D:9      | Noticed Harold
  5612 | D:9      | Killed Harold
  5613 | D:9      | Reached XP level 10. HP: 58/91 MP: 10/10
  5618 | D:9      | Reached skill level 13 in Unarmed Combat
  6101 | D:9      | Reached skill level 14 in Unarmed Combat
  6199 | D:9      | Noticed a rust devil
  6208 | D:9      | Noticed a rust devil
  6404 | D:9      | Noticed a two-headed ogre
  6409 | D:9      | Killed a two-headed ogre
  6431 | D:9      | Reached XP level 11. HP: 100/100 MP: 11/11
  7004 | D:8      | Noticed a two-headed ogre
  7030 | D:8      | Killed a two-headed ogre
  7059 | D:8      | HP: 1/93 [wyvern (17)]
  7072 | D:8      | Slain by a wyvern

Illustrated notes

Levels and vault maps discovered:
D:1:      ncdulo_halloftheorcs, layout_loops_ring,
          hellmonk_ecumenical_altar_prayer_group
D:2:      layout_loops_cross, serial_shops, nicolae_shop_statue_plus,
          basic_altar, minmay_box_of_dots
D:3:      layout_basic, amcnicky_mini_corridor_feature
D:4:      layout_layer_cave, minmay_temple_entry_from_below_a, serial_shops,
          nicolae_shop_advertising_works [nicolae_subvault_shop_adworks],
          nrook_mini_backslash, minmay_diced_spiral
D:5:      layout_loops_ring, chequers_serial_rivers_small_3, minmay_checkerbox,
          uniq_edmund, uniq_grinder, uniq_duvessa
D:6:      layout_basic, chequers_temple_overflow_minitemple, serial_shops, shop,
          shop, nicolae_shop_hallway_stairs, shop
D:7:      layout_rooms, uniq_prince_ribbit1, uniq_maggie
D:8:      layout_rooms, elyvilon_altar_1, minmay_hedge_maze,
          chequers_serial_rivers_small_3, grunt_ministairs_12, uniq_grum
D:9:      layout_stronghold, uniq_harold

Skill      XL: |  1  2  3  4  5  6  7  8  9 10 11 |
---------------+----------------------------------+-----
Unarmed Combat | 4 5 6 7 8 10 12 14 | 14.9
Dodging        | 3 4 5 6 7 |  7.1
Fighting       | 2 3 4 |  4.4
Throwing       | 2 |  2.2

Action                   |  1- 3 |  4- 6 |  7- 9 | 10-12 || total
-------------------------+-------+-------+-------+-------++-------
Melee: Unarmed           |   114 |    99 |   222 |   123 ||   558
       Punch             |     2 |     2 |     9 |    10 ||    23
Throw: Throwing net      |       |     1 |     2 |       ||     3
  Use: Scroll            |     5 |     4 |     5 |     2 ||    16
       Potion            |       |       |     8 |     2 ||    10
 Stab: Sleeping          |     2 |       |       |       ||     2
       Held in net/web   |       |       |     1 |       ||     1
Armor: Robe              |    32 |    32 |    18 |       ||    82
       Steam dragon scal |       |       |    24 |    20 ||    44
       Skin              |       |       |     8 |    13 ||    21
Dodge: Dodged            |    67 |    46 |    90 |    70 ||   273

Table legend: (Time is in decaauts)
 A = Elapsed time spent in this place.
 B = Non-inter-level travel time spent in this place.
 C = Inter-level travel time spent in this place.
 D = Time resting spent in this place.
 E = Time spent auto-exploring this place.
 F = Levels seen in this place.
 G = Mean time per level.
                   A        B        C        D        E       F      G
               +--------+--------+--------+--------+--------+-----+--------+
         Total |   6953 |   6746 |    207 |    301 |   5004 |   9 |  772.6 |
       Dungeon |   6953 |   6746 |    207 |    301 |   5004 |   9 |  772.6 |
               +--------+--------+--------+--------+--------+-----+--------+

Top non-repeatable levels by time:
     D:9: 1385 daAuts
     D:4: 1306 daAuts
     D:6: 909 daAuts
     D:5: 898 daAuts
     D:1: 727 daAuts
     D:2: 609 daAuts
     D:3: 531 daAuts
     D:7: 477 daAuts
     D:8: 105 daAuts
